 Dungeon Crawl Stone Soup version 0.30-a0-847-g17996783a1 (webtiles) character file.

Game seed: 2931555644454930209

100 holysushi the Cutter (level 4, -4/35 HPs)
             Began as a Demonspawn Monk on Mar 3, 2023.
             Slain by Maggie
             ... wielding a +1 heavy scimitar
              (23 damage)
             ... on level 6 of the Dungeon.
             The game lasted 00:04:04 (1708 turns).

holysushi the Cutter (Demonspawn Monk)              Turns: 1708, Time: 00:04:05

Health: -4/35      AC: 18    Str: 11 (14) XL:     4   Next: 46%
Magic:  4/4        EV:  9    Int:  8 (11) God:
Gold:   127        SH:  5    Dex: 21 (22) Spells: 3/3 levels left

rFire   . . .      SeeInvis .    o - +1 short sword (flame)
rCold   . . .      Faith    .    h - +1 buckler of the Heavens {Contam Str+3 Stlth+}
rNeg    . . .      Spirit   .    p - +5 chain mail "Hequa" {Dex+4 Stlth+}
rPois   .          Reflect  .    (no helmet)
rElec   .          Rampage  .    (no cloak)
rCorr   .                        m - +0 pair of gloves
Will    .....                    (no boots)
Stlth   +                        (no amulet)
HPRegen 0.25/turn                j - +4 ring of protection
MPRegen 0.09/turn                (no ring)

@: agile, grasped by roots, constricted
A: repulsion field 1, powered by pain 1
a: no special abilities


You were on level 6 of the Dungeon.
You visited 1 branch of the dungeon, and saw 4 of its levels.

You collected 127 gold pieces.

Inventory:

Hand Weapons
 o - a +1 short sword of flaming (weapon)
Missiles
 n - 2 curare-tipped darts (quivered)
Armour
 b - a +0 robe
 h - the +1 buckler of the Heavens (worn) {Contam Str+3 Stlth+}
   (You found it on level 2 of the Dungeon)

   Str:       It affects your strength (+3).
   Contam:    It causes magical contamination when unequipped.
   Stlth:     It makes you more stealthy.
 m - a +0 pair of gloves (worn)
 p - the +5 chain mail "Hequa" (worn) {Dex+4 Stlth+}
   (You found it on level 3 of the Dungeon)

   Dex:       It affects your dexterity (+4).
   Stlth:     It makes you more stealthy.
Jewellery
 j - a +4 ring of protection (left hand)
 r - an amulet of faith
Potions
 a - a potion of degeneration
 c - a potion of ambrosia
 d - 2 potions of mutation
 i - a potion of attraction


   Skills:
 - Level 3.0 Fighting
 + Level 4.3 Short Blades
 + Level 1.0 Armour
 + Level 3.0 Dodging
 - Level 1.7 Stealth
 - Level 0.1 Shields


You had 3 spell levels left.
You didn't know any spells.
Your spell library was empty.

Dungeon Overview and Level Annotations

Branches:
Dungeon (3/15) Zot: 22312

Altars:
Kikubaaqudgha

Annotations:
D:6 Maggie


Innate Abilities, Weirdness & Mutations

You are surrounded by a mild repulsion field. (EV +2)
You sometimes gain a little power by taking damage.


Message History

The adder is moderately wounded.
Something hits you but does no damage. The adder barely misses you.
Maggie hits you but does no damage.
You hit the adder. You burn the adder.
The adder is almost dead.
Something hits you but does no damage. The adder bites you but does no damage.
You hit the adder. You burn the adder.
You kill the adder!
You break out of your daze.
Maggie gives herself a magical halo, but it quickly sputters out.
Maggie zaps a wand.
The roots erupt in riotous growth!
The grasping roots grab you!
Maggie is unaffected.
The grasping roots constrict you. Something hits you but does no damage.
Your Armour skill increases to level 1!
You closely miss something. Maggie closely misses you.
The grasping roots constrict you.
You hear some strange, mumbled words.
A magic dart appears from out of thin air!
The magic dart hits you but does no damage.
You hit something. You burn something. Something hits you but does no damage.
The grasping roots release their grip on you.
You hit something. You burn something. Maggie hits you but does no damage.
Something hits you but does no damage.
You hit something but do no damage. You hit something. You burn something.
Maggie zaps a wand.
The roots erupt in riotous growth!
The grasping roots grab you!
Maggie is unaffected.
The grasping roots constrict you. Something hits you but does no damage.
You closely miss something.
Maggie casts a spell.
Maggie attempts to bespell you! You resist with some effort.
The grasping roots constrict you.
* * * LOW HITPOINT WARNING * * *
Something hits you but does no damage.
You feel better.
Maggie hits you with a +1 heavy scimitar!!
Ouch! That really hurt!
You die...

#....(..?
##.......##
.........)
###.......# #
###.#.......#
.#
#...........#..
#....)@........
##@)...##...
#..{........
##....##....
###..#.....
#.........
#.......#.
#.........
#..........
##.....##..


You could see Maggie.

Vanquished Creatures
  A jelly (D:6)
  An adder (D:6)
  An ufetubus (D:6)
  2 dart slugs (D:1)
  3 orcs (D:6)
  An endoplasm (D:1)
  3 giant cockroaches
  5 goblins
  2 hobgoblins
  4 jackals (D:2)
  4 quokkas
  2 ball pythons
  3 bats
  3 frilled lizards
  6 kobolds
  6 rats
47 creatures vanquished.

Notes
Turn   | Place    | Note
-------+----------+-------------------------------------------
     0 | D:1      | holysushi the Demonspawn Monk began the quest for the Orb.
     0 | D:1      | Reached XP level 1. HP: 18/18 MP: 1/1
   103 | D:1      | Reached skill level 3 in Short Blades
   204 | D:1      | Gained mutation: You are surrounded by a mild repulsion
                  | field. (EV +2) [demonic ancestry]
   204 | D:1      | Reached XP level 2. HP: 24/24 MP: 2/2
   968 | D:2      | Found an ancient bone altar of Kikubaaqudgha.
  1003 | D:2      | Identified the +1 buckler of the Heavens {Contam Str+3
                  | Stlth+}
  1099 | D:2      | Reached XP level 3. HP: 29/29 MP: 3/3
  1199 | D:2      | Reached skill level 4 in Short Blades
  1577 | D:3      | Identified the +5 chain mail "Hequa" {Dex+4 Stlth+}
  1661 | D:3      | You fall into a shaft and drop 3 floors!
  1679 | D:6      | Gained mutation: You sometimes gain a little power by
                  | taking damage. [demonic ancestry]
  1679 | D:6      | Reached XP level 4. HP: 29/35 MP: 4/4
  1679 | D:6      | Noticed Maggie
  1689 | D:6      | HP: 1/35 [constriction (4)]
  1702 | D:6      | Reached skill level 1 in Armour
  1708 | D:6      | Slain by Maggie

Illustrated notes

Levels and vault maps discovered:
D:1:      eino_arrival_cavern_a, layout_basic
D:2:      layout_basic, basic_altar
D:3:      minmay_skewed_foursquare, layout_basic, uniq_natasha
D:6:      layout_cave_pools, nicolae_qazlal_scattered_showers, temple_doors_e,
          uniq_maggie

Skill      XL: |  1  2  3  4 |
---------------+-------------+-----
Short Blades   | 3 4 |  4.3
Dodging        | 3 |  3.0
Armour         | 1 |  1.0
Fighting       | |  3.0
Stealth        | |  1.7
Shields        | |  0.1

Action                     |  1- 3 |  4- 6 || total
---------------------------+-------+-------++-------
  Melee: Short sword       |   115 |    20 ||   135
         Punch             |     1 |       ||     1
    Use: Scroll            |     5 |       ||     5
         Potion            |     1 |     9 ||    10
   Stab: Sleeping          |    15 |       ||    15
 Armour: Robe              |     8 |       ||     8
         Skin              |     6 |     8 ||    14
         Chain mail        |     1 |    41 ||    42
  Dodge: Dodged            |    52 |    20 ||    72
  Block: Buckler           |    11 |    23 ||    34

Table legend: (Time is in decaauts)
 A = Elapsed time spent in this place.
 B = Non-inter-level travel time spent in this place.
 C = Inter-level travel time spent in this place.
 D = Time resting spent in this place.
 E = Time spent auto-exploring this place.
 F = Levels seen in this place.
 G = Mean time per level.
                   A        B        C        D        E       F      G
               +--------+--------+--------+--------+--------+-----+--------+
         Total |   1686 |   1612 |     74 |      0 |   1190 |   4 |  421.5 |
       Dungeon |   1686 |   1612 |     74 |      0 |   1190 |   4 |  421.5 |
               +--------+--------+--------+--------+--------+-----+--------+

Top non-repeatable levels by time:
     D:1: 964 daAuts
     D:2: 614 daAuts
     D:3: 66 daAuts
     D:6: 41 daAuts
